 Dungeon Crawl Stone Soup version 0.30.1-11-g7821555f0a (webtiles) character file.

Game seed: 1447465975117947745

433 KittyFluff the Cudgeller (level 7, -3/44 HPs)
             Began as a Gargoyle Berserker on Nov 10, 2023.
             Was a Priest of Trog.
             Slain by Blork the orc
             ... wielding a +2 short sword of venom
              (7 damage)
             ... on level 4 of the Dungeon.
             The game lasted 00:12:13 (2852 turns).

KittyFluff the Cudgeller (Gargoyle Berserker)       Turns: 2852, Time: 00:12:15

Health: -3/44      AC:  8    Str: 22    XL:     7   Next: 0%
Magic:  7/7        EV: 12    Int:  8    God:    Trog [***...]
Gold:   0          SH:  0    Dex:  9    Spells: 6/6 levels left

rFire   . . .        a - +0 mace
rCold   . . .        (no shield)
rNeg    + + .        g - +0 leather armour
rPois   ∞            (no helmet)
rElec   +            (no cloak)
rCorr   .            (no gloves)
SInv    .            (no boots)
Will    +....        (no amulet)
Stlth   ++           m - ring of the Stag {rPois rN+ Will+}
HPRegen 0.27/turn    (no ring)
MPRegen 0.10/turn

%: no passive effects
@: no status effects
A: sickness immunity, AC +4, negative energy resistance 1, electricity
resistance, torment resistance 1, petrification resistance
a: Renounce Religion, Berserk, Trog's Hand


You were on level 4 of the Dungeon.
You worshipped Trog.
Trog was most pleased with you.
You visited 1 branch of the dungeon, and saw 4 of its levels.

You collected 217 gold pieces.
You spent 217 gold pieces at shops.

Inventory:

Hand Weapons
 a - a +0 mace (weapon)
 h - a +1 vampiric whip
Missiles
 i - 5 poisoned darts (quivered)
 q - 5 javelins
 t - 11 boomerangs
Armour
 g - a +0 leather armour (worn)
Jewellery
 m - the ring of the Stag (left hand) {rPois rN+ Will+}
   (You found it on level 2 of the Dungeon)

   [ring of willpower]

   rPois:     It protects you from poison.
   rN:        It protects you from negative energy.
   Will:      It increases your willpower.
Wands
 o - a wand of digging (5)
 x - a wand of roots (10)
Scrolls
 b - a scroll of enchant armour {unknown}
 e - 2 scrolls of butterflies {unknown}
 j - a scroll of fog
 l - 3 scrolls of teleportation
 n - a scroll of torment {unknown}
 p - 2 scrolls of magic mapping {unknown}
 v - 2 scrolls of fear {unknown}
 w - a scroll of poison {unknown}
 y - a scroll of silence {unknown}
 C - a scroll of enchant weapon
Potions
 c - 3 potions of mutation
 d - 3 potions of curing
 f - a potion of ambrosia
 k - a potion of lignification
 r - a potion of degeneration {unknown}
 s - a potion of invisibility {unknown}
 u - a potion of might {unknown}
 z - a potion of haste {unknown}
 A - 2 potions of flight {unknown}
 B - 2 potions of heal wounds {unknown}


   Skills:
 + Level 4.4 Fighting
 * Level 4.7 Maces & Flails
 * Level 4.5 Armour
 + Level 2.6 Dodging
 + Level 2.7 Stealth


You had 6 spell levels left.
You didn't know any spells.
Your spell library was empty.

Dungeon Overview and Level Annotations

Branches:
Dungeon (4/15)
 Temple: D:4-7

Altars:

Shops:
D:3 ?

Annotations:
D:4 Blork the orc


Innate Abilities, Weirdness & Mutations

You are immune to sickness and miasma.
Your stone body is resilient. (AC +4)
You are immune to poison.
You resist negative energy. (rN+)
You are resistant to electric shocks. (rElec)
You are resistant to unholy torment.
You are immune to petrification.


Message History

You closely miss Blork the orc. You punch Blork the orc.
Blork the orc is heavily wounded.
Blork the orc hits you but does no damage.
Blork the orc closely misses you.
You hit Blork the orc.
Blork the orc is heavily wounded.
Blork the orc hits you with a +2 short sword of venom. x2
You hit Blork the orc but do no damage.
Blork the orc is heavily wounded.
Blork the orc looks braver for a moment.
Blork the orc barely misses you.
You closely miss Blork the orc.
Blork the orc is heavily wounded.
Blork the orc zaps a wand.
You resist with almost no effort.
You closely miss Blork the orc.
Blork the orc is heavily wounded.
Blork the orc hits you with a +2 short sword of venom.
Blork the orc zaps a wand.
You resist with almost no effort.
You hit Blork the orc.
Blork the orc is severely wounded.
Blork the orc hits you but does no damage.
Blork the orc hits you with a +2 short sword of venom.
* * * LOW HITPOINT WARNING * * *
You sock Blork the orc!
Blork the orc is almost dead.
Blork the orc zaps a wand.
You resist with almost no effort.
You barely miss Blork the orc.
Blork the orc is almost dead.
Blork the orc casts a spell at you. The magic dart hits you.
* * * LOW HITPOINT WARNING * * *
Blork the orc hits you with a +2 short sword of venom!
* * * LOW HITPOINT WARNING * * *
You hit Blork the orc but do no damage.
Blork the orc is almost dead.
Blork the orc screams, "I'll eat your brain!
And then I'll vomit it back up!"
Blork the orc casts a spell at you.
The magic dart hits you but does no damage.
Blork the orc hits you with a +2 short sword of venom!
You die...

### #### ##..# #####...
#....##### #.......
......o@.### #......
....#......#### #......
. ##.........####....#<
#..........)......###
#................##
#...............†.###
#...............)...##
#......................
#......................


You could see Blork the orc (fast).

Vanquished Creatures
  Sigmund (D:2)
  Jessica (D:2)
  Ijyb (D:3)
  Natasha (twice) (D:3)
  7 adders
  A spectral adder (D:3)
  An adder skeleton (D:3)
  3 worms
  2 dart slugs
  An orc (D:4)
  5 ball pythons
  4 endoplasms
  3 giant cockroaches
  14 goblins
  14 hobgoblins
  2 quokkas (D:1)
  A ball python simulacrum (D:3)
  A ball python skeleton (D:3)
  A ball python zombie (D:3)
  4 bats
  6 frilled lizards
  5 kobolds
  A quokka zombie (D:3)
  5 rats
86 creatures vanquished.

Notes
Turn   | Place    | Note
-------+----------+-------------------------------------------
     0 | D:1      | KittyFluff the Gargoyle Berserker began the quest for the
                  | Orb.
     0 | D:1      | Reached XP level 1. HP: 14/14 MP: 1/1
   175 | D:1      | Reached XP level 2. HP: 19/19 MP: 2/2
   459 | D:1      | Reached XP level 3. HP: 23/23 MP: 3/3
   570 | D:2      | Reached ** piety under Trog
   577 | D:2      | Reached skill level 1 in Stealth
   616 | D:2      | Reached XP level 4. HP: 29/29 MP: 4/4
   843 | D:2      | Noticed Jessica
   881 | D:2      | Killed Jessica
   892 | D:2      | Found a faded altar of an unknown god.
  1001 | D:2      | Identified the ring of the Stag {rPois rN+ Will+}
  1107 | D:2      | Noticed Sigmund
  1128 | D:2      | Killed Sigmund
  1129 | D:2      | Reached XP level 5. HP: 12/33 MP: 5/5
  1129 | D:2      | Reached XP level 6. HP: 14/38 MP: 6/6
  1658 | D:3      | Found Miutuwuu's Magic Scroll Shop.
  1713 | D:3      | Noticed Ijyb
  1725 | D:3      | Killed Ijyb
  2016 | D:3      | Noticed Natasha
  2019 | D:3      | Reached *** piety under Trog
  2044 | D:3      | Killed Natasha
  2128 | D:3      | Identified the +11 dagger of Midsummer {pain, Fly rF+ MP+9
                  | Dex-5}
  2385 | D:3      | Noticed Natasha
  2398 | D:3      | Killed Natasha
  2635 | D:3      | Bought a scroll of enchant weapon for 105 gold pieces
  2635 | D:3      | Bought a scroll of teleportation for 42 gold pieces
  2635 | D:3      | Bought a scroll of teleportation for 42 gold pieces
  2635 | D:3      | Bought a scroll of identify for 28 gold pieces
  2817 | D:4      | Reached XP level 7. HP: 41/44 MP: 7/7
  2830 | D:4      | Noticed Blork the orc
  2852 | D:4      | Slain by Blork the orc

Illustrated notes

Levels and vault maps discovered:
D:1:      amcnicky_arrival_choice, layout_rooms
D:2:      cheibrodos_greedy_goblins, layout_loops_ring, basic_ecumenical_altar,
          supply_closet_lemuel, uniq_jessica, uniq_sigmund
D:3:      layout_basic, serial_shops, shop, dilly_guarded_unrand_morg, uniq_ijyb
D:4:      layout_layer_cave, uniq_blork_the_orc

Skill      XL: |  1  2  3  4 |
---------------+-------------+-----
Armour         | 3 4 |  4.5
Stealth        | 1 2 |  2.7
Dodging        | 2 |  2.6
Fighting       | 4 |  4.4
Maces & Flails | 4 |  4.7

Action                     |  1- 3 |  4- 6 |  7- 9 || total
---------------------------+-------+-------+-------++-------
  Melee: Mace              |    73 |   223 |    16 ||   312
         Punch             |       |     2 |     1 ||     3
 Invoke: Berserk           |       |     2 |       ||     2
    Use: Scroll            |       |     5 |       ||     5
   Stab: Sleeping          |       |     3 |       ||     3
 Armour: Animal skin       |    34 |       |       ||    34
         Leather armour    |     8 |    80 |     5 ||    93
  Dodge: Dodged            |    73 |   133 |     6 ||   212
